 Dungeon Sprint DCSS version 0.29-a0-819-g94b489e0ae (webtiles) character file.

Game seed: 5684043681128459414

50 mhtbhm the Thaumaturge (level 3, -16/19 HPs)
             Began as a Deep Elf Hedge Wizard on July 7, 2022.
             Demolished by a water elemental (19 damage)
             ... in the Dungeon (Sprint III: "The Ten Rune Challenge").
             The game lasted 00:02:26 (368 turns).

mhtbhm the Thaumaturge (Deep Elf Hedge Wizard)       Turns: 368, Time: 00:02:27

Health: -16/19     AC:  5    Str:  7    XL:     3   Next: 55%
Magic:  2/15       EV: 13    Int: 20    God:
Gold:   31         SH:  0    Dex: 14    Spells: 14/20 levels left

rFire   . . .      SeeInvis .   a - +0 dagger
rCold   . . .      Faith    .   (no shield)
rNeg    . . .      Spirit   .   b - +0 robe
rPois   .          Reflect  .   c - +0 hat
rElec   .          Harm     .   g - +0 cloak
rCorr   .          Rampage  .   (no gloves)
Will    .....      Rage     3%  (no boots)
Stlth   ++........ NoTele   +   (no amulet)
HPRegen 0.06/turn               (no ring)
MPRegen 0.14/turn               (no ring)

@: flying (expiring)
A: iridescent scales 1, berserk 1, sturdy frame 1
a: no special abilities


You were in the Dungeon.
You visited 1 branch You collected 31 gold pieces.

Inventory:

Hand Weapons
 a - a +0 dagger (weapon)
Armour
 b - a +0 robe (worn)
 c - a +0 hat (worn)
 g - a +0 cloak (worn)
Scrolls
 h - 2 scrolls of poison {unknown}
 j - a scroll of fear {unknown}
 k - a scroll of fog {unknown}
 l - 3 scrolls of identify
Potions
 d - 2 potions of magic
 e - 2 potions of curing
 m - a potion of flight
 n - 3 potions of mutation


   Skills:
 + Level 0.1 Fighting
 + Level 0.7 Short Blades
 + Level 3.5 Dodging
 + Level 3.1 Stealth
 + Level 9.0 Spellcasting
 + Level 2.2 Conjurations
 + Level 1.3 Hexes
 + Level 1.1 Summonings
 + Level 1.1 Translocations


You had 14 spell levels left.
You knew the following spells:

 Your Spells              Type           Power      Damage    Failure   Level
a - Magic Dart            Conj           72%        1d6       3%          1
b - Slow                  Hex            56%        N/A       4%          1
c - Blink                 Tloc           26%        N/A       8%          2
d - Call Imp              Summ           13%        N/A       8%          2

Your spell library contained the following spells:

 Spells                   Type           Power      Damage    Failure   Level
 Conjure Flame            Conj/Fire      13%        6-21      14%         3
 Mephitic Cloud           Conj/Pois/Air  12%        N/A       17%         3


Dungeon Overview and Level Annotations

Branches:
Dungeon (1/1)

Altars:


Innate Abilities, Weirdness & Mutations

You are partially covered in iridescent scales. (AC +2)
You sometimes lose your temper in combat.
Your movements are slightly less encumbered by armour. (ER -2)


Message History

Aiming: Magic Dart (safe; 3% risk of failure)
Press: ? - help, Shift-Dir - straight line, f/p - water elemental
Aim: a water elemental (heavily damaged, ally target, 100% to hit)
The magic dart hits the water elemental but does no damage.
The water elemental is heavily damaged.
Unknown command.
Casting: Magic Dart (safe; 3% risk of failure)
Confirm with . or Enter, or press ? or * to list all spells.
Aiming: Magic Dart (safe; 3% risk of failure)
Press: ? - help, Shift-Dir - straight line, f/p - water elemental
Aim: a water elemental (heavily damaged, ally target, 100% to hit)
The magic dart hits the water elemental.
The water elemental is severely damaged.
You are starting to lose your buoyancy.
You feel stable enough to blink again. The water elemental hits you.
The water elemental engulfs you in water!
Your crimson imp blinks!
Unknown command.
You slip free of the water engulfing you.
You gasp with relief as air once again reaches your lungs.
Unknown command.
Casting: Magic Dart (safe; 3% risk of failure)
Confirm with . or Enter, or press ? or * to list all spells.
Aiming: Magic Dart (safe; 3% risk of failure)
Press: ? - help, Shift-Dir - straight line, f/p - water elemental
Aim: a water elemental (severely damaged, ally target, 100% to hit)
The magic dart hits the water elemental but does no damage.
The water elemental is severely damaged.
The water elemental closely misses you.
Unknown command.
Casting: Magic Dart (safe; 3% risk of failure)
Confirm with . or Enter, or press ? or * to list all spells.
Aiming: Magic Dart (safe; 3% risk of failure)
Press: ? - help, Shift-Dir - straight line, f/p - water elemental
Aim: a water elemental (severely damaged, ally target, 100% to hit)
The magic dart hits the water elemental but does no damage.
The water elemental is severely damaged.
The water elemental hits you!!
Ouch! That really hurt!
You die...

▓▓▓▓▓▓▓▓▓▓▓▓ ▓▓▓
▓<.#..'....♣♣♣ ♣.#
▓..#..#......♣ ♣♣.#
▓#'####.....♣♣ ♣..#
▓...†.#....≈♣♣♣♣..###+#+##
▓†....#...5≈.♣....#.......
▓.....#..≈≈≈≈...♣.'.⌠.....
▓####'#..≈≈≈≈≈≈♣..#...####
▓.....#.≈≈≈≈≈≈.E@.#.⌠.#
▓.†.†.#.≈≈≈≈≈.....#...#
▓.....#.≈≈≈.......#+###
▓'#####.).........#
▓.................#
▓▓▓▓▓▓▓▓▓▓▓▓▓▓▓▓▓▓▓


You could see a water elemental (ally target) and a friendly crimson imp
(summoned).

Vanquished Creatures
  A human (D)
  4 rats (D)
5 creatures vanquished.

Vanquished Creatures (collateral kills)
  Crazy Yiuf (D)
1 creature vanquished.

Grand Total: 6 creatures vanquished

Notes
Turn   | Place    | Note
-------+----------+-------------------------------------------
     0 | D        | mhtbhm the Deep Elf Hedge Wizard began the quest for the
                  | Orb.
     0 | D        | Reached XP level 1. HP: 10/10 MP: 7/7
     4 | D        | Reached skill level 5 in Spellcasting
   118 | D        | Learned a level 1 spell: Slow
   163 | D        | Reached skill level 7 in Spellcasting
   163 | D        | Reached XP level 2. HP: 15/15 MP: 4/12
   215 | D        | Learned a level 2 spell: Blink
   218 | D        | Learned a level 2 spell: Call Imp
   236 | D        | Noticed Crazy Yiuf
   248 | D        | Killed Crazy Yiuf
   249 | D        | Reached skill level 9 in Spellcasting
   249 | D        | Reached skill level 1 in Hexes
   249 | D        | Reached XP level 3. HP: 19/19 MP: 6/15
   333 | D        | Gained mutation: Your movements are slightly less
                  | encumbered by armour. (ER -2) [potion of mutation]
   333 | D        | Gained mutation: You sometimes lose your temper in combat.
                  | [potion of mutation]
   333 | D        | Gained mutation: You are partially covered in iridescent
                  | scales. (AC +2) [potion of mutation]
   347 | D        | Noticed a water elemental
   368 | D        | Demolished by a water elemental

Illustrated notes

Levels and vault maps discovered:
D:        dungeon_sprint_mu [sprint_mu_entry_forest, sprint_mu_temple_rooms,
          sprint_mu_d1_horrors, sprint_mu_d2_genie, sprint_mu_d3_branching,
          sprint_mu_orc_legion, sprint_mu_elf_gauntlet, sprint_mu_hive_nellie,
          sprint_mu_lair_fedhas, sprint_mu_vaults_butterflies,
          sprint_mu_slime_circle, sprint_mu_swamp_cave, sprint_mu_snake_twists,
          sprint_mu_blade_basic, sprint_mu_crypt_fortress,
          sprint_mu_tomb_spiral, sprint_mu_vestibule_basic,
          sprint_mu_gehenna_hellfire, sprint_mu_dis_giant,
          sprint_mu_tartarus_statrot, sprint_mu_cocytus_islands, sprint_mu_zot1]

Skill      XL: |  1  2 |
---------------+-------+-----
Spellcasting   | 7 9 |  9.0
Dodging        | 3 |  3.5
Stealth        | 3 |  3.1
Conjurations   | 2 |  2.2
Hexes          | 1 |  1.3
Fighting       | |  0.1
Short Blades   | |  0.7
Summonings     | |  1.1
Translocations | |  1.1

Action                   || total
-------------------------++-------
Melee: Dagger            ||     2
 Cast: Magic Dart        ||    32
       Slow              ||     4
       Call Imp          ||     2
       Blink             ||     1
  Use: Potion            ||     6
       Scroll            ||     1
Armor: Robe              ||     2
Dodge: Dodged            ||     4

Table legend: (Time is in decaauts)
 A = Elapsed time spent in this place.
 B = Non-inter-level travel time spent in this place.
 C = Inter-level travel time spent in this place.
 D = Time resting spent in this place.
 E = Time spent auto-exploring this place.
 F = Levels seen in this place.
 G = Mean time per level.
                   A        B        C        D        E       F      G
               +--------+--------+--------+--------+--------+-----+--------+
         Total |    363 |    363 |      0 |    185 |      0 |   1 |  363.0 |
       Dungeon |    363 |    363 |      0 |    185 |      0 |   1 |  363.0 |
               +--------+--------+--------+--------+--------+-----+--------+

Top non-repeatable levels by time:
       D: 363 daAuts
